 Dungeon Crawl Stone Soup version 0.32-a0-42-ga30500b4d3 (webtiles) character file.

Game seed: 9779361331249661973

1334 IdlyInterested the Basher (level 8, -3/58 HPs)
             Began as a Demonspawn Fighter on Jan 29, 2024.
             Succumbed to a water moccasin's poison
             ... on level 6 of the Dungeon.
             The game lasted 00:19:10 (5563 turns).

IdlyInterested the Basher (Demonspawn Fighter)      Turns: 5563, Time: 00:19:10

Health: -3/58      AC: 24    Str: 19    XL:     8   Next: 35%
Magic:  8/8        EV:  8    Int:  8    God:
Gold:   340        SH:  9    Dex: 13    Spells: 7/7 levels left

rFire   . . .        A - +2 mace (protect)
rCold   . . .        c - +0 buckler
rNeg    . . .        y - +0 chain mail
rPois   .            o - +0 helmet
rElec   .            (no cloak)
rCorr   .            (no gloves)
SInv    .            m - +0 pair of boots
Will    .....        g - amulet of reflection Stlth
                     (no ring)
HPRegen 0.29/turn    (no ring)
MPRegen 0.11/turn

%: reflection
@: lethally poisoned (-3 -> -18), sanguine armoured, under a protective aura
A: sanguine armour 1, condensation shield
a: no special abilities


You were on level 6 of the Dungeon.
You visited 2 branches of the dungeon, and saw 7 of its levels.
You also visited: Sewer.

You collected 340 gold pieces.

Inventory:

Hand Weapons
 a - a +0 flail
 f - a +0 whip
 k - a +0 rapier
 r - a +0 trident
 u - a +0 trident of freezing
 A - a +2 mace of protection (weapon)
 I - a +3 dagger
Missiles
 b - 3 throwing nets
 e - 30 stones (quivered)
 v - 2 poisoned darts
 G - 5 javelins
Armour
 c - a +0 buckler (worn)
 d - a +0 leather armour of fire resistance
 m - a +0 pair of boots (worn)
 o - a +0 helmet (worn)
 y - a +0 chain mail (worn)
Magical Staves
 q - a staff of conjuration
Jewellery
 g - an amulet of reflection (around neck)
 B - an amulet of faith
Wands
 i - a wand of digging (4)
 t - a wand of iceblast (9)
Scrolls
 j - a scroll of brand weapon
 p - 4 scrolls of teleportation
 w - a scroll of vulnerability
 x - a scroll of silence
 C - 2 scrolls of amnesia
 D - 2 scrolls of fear
 E - 2 scrolls of blinking
 F - a scroll of enchant weapon
Potions
 h - a potion of brilliance {unknown}
 n - a potion of attraction
 s - a potion of heal wounds {unknown}
 z - a potion of berserk rage {unknown}
 H - a potion of haste


   Skills:
 - Level 3.0 Fighting
 * Level 8.2 Maces & Flails
 + Level 2.6 Throwing
 - Level 2.6 Armour
 - Level 2.0 Dodging
 - Level 2.0 Stealth
 - Level 2.6 Shields
 - Level 2.0 Evocations


You had 7 spell levels left.
You didn't know any spells.
Your spell library contained the following spells:

 Spells                   Type           Power      Damage    Failure   Level
 Summon Small Mammal      Summ           0%         N/A       99%         1
 Call Imp                 Summ           0%         N/A       100%        2
 Lesser Beckoning         Tloc           0%         N/A       100%        2
 Mercury Vapours          Alch/Air       0%         N/A       100%        2
 Sublimation of Blood     Necr           0%         N/A       100%        2
 Call Canine Familiar     Summ           0%         N/A       100%        3
 Gell's Gravitas          Tloc           0%         N/A       100%        3
 Hailstorm                Conj/Ice       0%         3d5       100%        3
 Mephitic Cloud           Conj/Alch/Air  0%         N/A       100%        3
 Summon Ice Beast         Ice/Summ       0%         N/A       100%        3
 Teleport Other           Tloc           0%         N/A       100%        3
 Summon Blazeheart Golem  Fire/Summ      0%         N/A       100%        4
 Freezing Cloud           Conj/Ice/Air   0%         6-21      100%        5
 Sculpt Simulacrum        Ice/Alch       0%         N/A       100%        6
 Summon Hydra             Summ           0%         N/A       100%        7


Dungeon Overview and Level Annotations

Branches:
Dungeon (6/15)             Temple (1/1) D:5           Sewer (visited)

Altars:
Ashenzari
Cheibriados
Dithmenos
Fedhas
Gozag
Hepliaklqana
Kikubaaqudgha
Makhleb
Nemelex Xobeh
Okawaru
Qazlal
Ru
Sif Muna
Trog
Uskayaw
Vehumet
Wu Jian
Xom
Yredelemnul


Innate Abilities, Weirdness & Mutations

When seriously injured, your blood forms armour. (AC +6)
A meltable shield of frost defends you. (SH +0)


Message History

The water moccasin bites you but does no damage.
You hit the water moccasin but do no damage.
You block the water moccasin's attack.
You hit the water moccasin.
The water moccasin is lightly wounded.
The water moccasin barely misses you.
You barely miss the water moccasin.
The water moccasin is lightly wounded.
The water moccasin bites you but does no damage.
You block the water moccasin's attack.
You hit the water moccasin.
The water moccasin is lightly wounded.
The water moccasin bites you but does no damage.
You barely miss the water moccasin.
The water moccasin is lightly wounded.
The water moccasin closely misses you. The water moccasin bites you.
* * * LOW HITPOINT WARNING * * *
You are poisoned.
The water moccasin poisons you!
You hit the water moccasin.
The water moccasin is moderately wounded.
* * * LOW HITPOINT WARNING * * *
You feel very sick.
The water moccasin bites you but does no damage.
You miss the water moccasin.
The water moccasin is moderately wounded.
* * * LOW HITPOINT WARNING * * *
You feel sick. The water moccasin bites you.
* * * LOW HITPOINT WARNING * * *
You barely miss the water moccasin.
The water moccasin is moderately wounded.
* * * LOW HITPOINT WARNING * * *
You feel sick. You block the water moccasin's attack.
The water moccasin bites you.
* * * LOW HITPOINT WARNING * * *
You are more poisoned.
The water moccasin poisons you!
You closely miss the water moccasin.
The water moccasin is moderately wounded.
You die...

#.#
#.######+#..
#.#.........
#.#.........
####.#....$....
#....#.........
#.####....$...$
#.####....<....
#..@SB.........
######.........
...........
.............
......###+#####
...... ......
......


You could see a water moccasin and a bombardier beetle.

Vanquished Creatures
  An ice beast (D:5)
  A phantom (D:5)
  A brain worm (Sewer)
  2 scorpions
  3 wights (D:6)
  A bombardier beetle (D:5)
  A jelly (D:5)
  2 hounds (D:5)
  4 orc priests (D:4)
  6 iguanas
  2 sleepcaps (D:5)
  9 gnolls
  6 adders
  3 river rats
  2 white imps (D:5)
  4 dart slugs
  4 ribbon worms
  16 orcs
  11 ball pythons
  14 endoplasms
  9 giant cockroaches
  7 goblins
  12 hobgoblins
  7 jackals
  4 quokkas
  11 bats
  4 frilled lizards
  8 kobolds
  3 rats
158 creatures vanquished.

Vanquished Creatures (others)
  A bombardier beetle (D:5)
1 creature vanquished.

Grand Total: 159 creatures vanquished

Notes
Turn   | Place    | Note
-------+----------+-------------------------------------------
     0 | D:1      | IdlyInterested the Demonspawn Fighter began the quest for
                  | the Orb.
     0 | D:1      | Reached XP level 1. HP: 18/18 MP: 1/1
    33 | D:1      | Reached skill level 2 in Maces & Flails
   152 | D:1      | Gained mutation: A meltable shield of frost defends you.
                  | (SH +0) [demonic ancestry]
   152 | D:1      | Reached XP level 2. HP: 24/24 MP: 2/2
   246 | D:1      | Reached skill level 3 in Maces & Flails
   522 | D:1      | Reached XP level 3. HP: 29/29 MP: 3/3
  1818 | D:3      | Reached XP level 4. HP: 35/35 MP: 4/4
  1917 | D:3      | Reached skill level 4 in Maces & Flails
  1945 | D:3      | Noticed a scorpion
  1955 | D:3      | Killed a scorpion
  1956 | D:3      | Reached skill level 1 in Dodging
  2023 | D:3      | Reached XP level 5. HP: 40/41 MP: 5/5
  2413 | D:4      | Reached skill level 5 in Maces & Flails
  2413 | D:4      | Reached skill level 1 in Throwing
  2415 | D:4      | Reached XP level 6. HP: 17/47 MP: 6/6
  2425 | D:4      | Reached skill level 1 in Stealth
  2713 | D:4      | Found a glowing drain.
  2730 | Sewer    | Entered a sewer
  2820 | Sewer    | Reached skill level 1 in Evocations
  3288 | Sewer    | Reached skill level 6 in Maces & Flails
  3797 | D:4      | Found a sparkling altar of Nemelex Xobeh.
  3876 | D:4      | Gained mutation: When seriously injured, your blood forms
                  | armour. (AC +6) [demonic ancestry]
  3876 | D:4      | Reached XP level 7. HP: 43/52 MP: 7/7
  4299 | D:4      | Found a burning altar of Makhleb.
  4306 | D:4      | Found a snail-covered altar of Cheibriados.
  4310 | D:4      | Found an opulent altar of Gozag.
  4367 | D:5      | Entered Level 5 of the Dungeon
  4448 | D:5      | Reached skill level 7 in Maces & Flails
  4752 | D:5      | Found a staircase to the Ecumenical Temple.
  4768 | Temple   | Entered the Ecumenical Temple
  4779 | D:5      | Reached XP level 8. HP: 58/58 MP: 8/8
  5507 | D:6      | Reached skill level 8 in Maces & Flails
  5562 | D:6      | HP: 1/58 [water moccasin (4)]
  5563 | D:6      | Succumbed to a water moccasin's poison

Illustrated notes

Levels and vault maps discovered:
D:1:      lightli_arrival_lavapool, layout_basic
D:2:      layout_basic
D:3:      layout_basic
D:4:      kennysheep_six_static_rooms, layout_basic,
          nemelex_diamond_rough_becter, chequers_temple_overflow_minitemple,
          gup_sewer_entry_bubbles, kennysheep_diamond
D:5:      layout_basic, minmay_temple_entry_statues_fountains
D:6:      layout_basic, dreamdust_princess_bridge
Temple:   compressed_dpeg_triangle_lava_temple

Skill      XL: |  1  2  3  4  5  6  7  8 |
---------------+-------------------------+-----
Maces & Flails | 2 3 4 5 6 7 8 |  8.2
Dodging        | 1 2 |  2.0
Throwing       | 1 2 |  2.6
Stealth        | 1 2 |  2.0
Evocations     | 2 |  2.0
Fighting       | |  3.0
Armour         | |  2.6
Shields        | |  2.6

Action                     |  1- 3 |  4- 6 |  7- 9 || total
---------------------------+-------+-------+-------++-------
  Melee: Flail             |   120 |   246 |    99 ||   465
         Mace              |       |       |   132 ||   132
  Throw: Stone             |       |     3 |     6 ||     9
  Evoke: Wand              |       |     3 |       ||     3
    Use: Scroll            |     2 |     5 |     3 ||    10
         Potion            |       |     4 |     4 ||     8
 Armour: Scale mail        |    50 |       |       ||    50
         Chain mail        |       |   126 |   114 ||   240
  Dodge: Dodged            |    38 |    51 |    53 ||   142
  Block: Buckler           |    77 |   205 |   144 ||   426
         Reflection        |     2 |     3 |     4 ||     9

Table legend: (Time is in decaauts)
 A = Elapsed time spent in this place.
 B = Non-inter-level travel time spent in this place.
 C = Inter-level travel time spent in this place.
 D = Time resting spent in this place.
 E = Time spent auto-exploring this place.
 F = Levels seen in this place.
 G = Mean time per level.
                   A        B        C        D        E       F      G
               +--------+--------+--------+--------+--------+-----+--------+
         Total |   5953 |   5748 |    205 |    164 |   3026 |   8 |  744.1 |
       Dungeon |   4717 |   4512 |    205 |     96 |   2849 |   6 |  786.2 |
        Temple |      1 |      1 |      0 |      0 |      0 |   1 |    1.0 |
         Sewer |   1233 |   1233 |      0 |     68 |    176 |   1 | 1233.0 |
               +--------+--------+--------+--------+--------+-----+--------+

Top non-repeatable levels by time:
   Sewer: 1233 daAuts
     D:4: 1097 daAuts
     D:5: 1094 daAuts
     D:1: 984 daAuts
     D:2: 880 daAuts
     D:3: 568 daAuts
     D:6: 92 daAuts
  Temple: 1 daAuts
